 Dungeon Crawl Stone Soup version 0.20-a0-1036-g4d371cd (webtiles) character file.

266 Multipenetrator the Skirmisher (level 6, -2/48 HPs)
             Began as a Demonspawn Gladiator on Apr 22, 2017.
             Slain by a mummy (4 damage)
             ... in an ossuary.
             The game lasted 00:12:36 (1700 turns).

Multipenetrator the Skirmisher (DsGl)               Turns: 1700, Time: 00:12:37

Health: -2/48      AC: 10    Str: 11 (14) XL:     6   Next: 0%
Magic:  6/6        EV: 12    Int:  9 (10) God:
Gold:   139        SH:  5    Dex: 14 (16) Spells: 5/5 levels left

rFire    . . .     SeeInvis .   a - +0 long sword
rCold    . . .     Gourm    .   q - +2 buckler {AC+3}
rNeg     . . .     Faith    .   b - +0 leather armour
rPois    .         Spirit   .   c - +0 helmet
rElec    .         Reflect  .   (no cloak)
rCorr    .         Harm     .   (no gloves)
MR       .....                  e - +0 pair of boots
Stlth    +.........             (no amulet)
Regen    0.2/turn               (no ring)
MPRegen  0.1/turn               (no ring)

@: very slightly contaminated
A: claws 1, thin metallic scales 1
a: no special abilities


You were in an ossuary.
You were not hungry.

You visited 1 branch of the dungeon, and saw 5 of its levels.
You also visited: Ossuary.

You collected 139 gold pieces.

Inventory:

Hand Weapons
 a - a +0 long sword (weapon)
Missiles
 d - 3 throwing nets (quivered)
Armour
 b - a +0 leather armour (worn)
 c - a +0 helmet (worn)
 e - a +0 pair of boots (worn)
 l - a +0 chain mail
 q - a +2 buckler of protection (worn)
Scrolls
 h - 2 scrolls of remove curse
 j - 2 scrolls of fog {unknown}
 k - a scroll of amnesia {unknown}
 n - a scroll of immolation {unknown}
Potions
 i - a potion of degeneration
Comestibles
 f - 3 bread rations


   Skills:
 + Level 4.1 Fighting
 + Level 3.7 Long Blades
 - Level 1.7 Throwing
 * Level 1.6 Armour
 + Level 3.9 Dodging


You had 5 spell levels left.
You didn't know any spells.

Dungeon Overview and Level Annotations

Branches:
Dungeon (5/15)
 Temple: D:4-7

Altars:
Elyvilon

Annotations:
D:2 Terence


Innate Abilities, Weirdness & Mutations

You have sharp fingernails.
You are partially covered in thin metallic scales. (AC +2)


Message History

The mummy is lightly damaged.
The mummy hits you.
* * * LOW HITPOINT WARNING * * *
Okay, then.
Okay, then.
Okay, then.
Your shield prevents you from hitting the mummy.
The mummy is lightly damaged.
An arrow hits the kobold zombie!
The kobold zombie is destroyed!
You hit the mummy.
The mummy is moderately damaged.
The mummy closely misses you.
You hit the mummy but do no damage.
The mummy is moderately damaged.
An arrow hits the human zombie!
The mummy closely misses you.
You hit the mummy.
The mummy is moderately damaged.
The mummy hits you.
You die...

..............##..#
...............#..#
..................#
.........Z.##.....#
...........##.....#
..........Z..Z....#
............Z.....#
###........^####
..........ZZ#@?#
∩..........ZM$$#
################


You could see a mummy, a rat zombie, a jackal zombie, an orc zombie, 2 elf
zombies and 2 human zombies.

Vanquished Creatures
  A scorpion (D:5)
  A crimson imp (D:5)
  A hound (D:5)
  3 worker ants (D:4)
  A big kobold zombie (Ossuary)
  An adder (D:3)
  3 leopard geckos
  3 orcs (D:3)
  3 giant cockroaches
  6 goblins
  9 hobgoblins
  3 quokkas
  2 bats (D:1)
  A hobgoblin zombie (Ossuary)
  3 kobolds
  A kobold zombie (Ossuary)
  An orc zombie (Ossuary)
  6 rats
49 creatures vanquished.

Vanquished Creatures (others)
  A kobold zombie (Ossuary)
1 creature vanquished.

Grand Total: 50 creatures vanquished

Notes
Turn   | Place    | Note
-------+----------+-------------------------------------------
     0 | D:1      | Multipenetrator the Demonspawn Gladiator began the quest for the Orb.
     0 | D:1      | Reached XP level 1. HP: 16/16 MP: 1/1
   139 | D:1      | Gained mutation: You have sharp fingernails. [demonic ancestry]
   139 | D:1      | Reached XP level 2. HP: 18/22 MP: 2/2
   387 | D:3      | Gained mutation: You are partially covered in thin metallic scales. (AC +2) [demonic ancestry]
   387 | D:3      | Reached XP level 3. HP: 24/28 MP: 3/3
   424 | D:2      | Noticed Terence
   591 | D:4      | Reached skill level 3 in Fighting
   937 | D:4      | Reached XP level 4. HP: 35/35 MP: 4/4
  1066 | D:4      | Noticed an ogre
  1243 | D:5      | Entered Level 5 of the Dungeon
  1250 | D:5      | Found a white marble altar of Elyvilon.
  1265 | D:5      | Reached XP level 5. HP: 18/42 MP: 5/5
  1443 | D:5      | Reached skill level 1 in Armour
  1589 | D:5      | Reached skill level 4 in Fighting
  1655 | D:5      | Found a sand-covered staircase.
  1660 | Ossuary  | Entered an ossuary
  1684 | Ossuary  | Reached XP level 6. HP: 14/48 MP: 6/6
  1696 | Ossuary  | HP: 2/48 [mummy (4)]
  1700 | Ossuary  | Slain by a mummy

Vault maps used:
D:1:      ncdulo_smallfort, minmay_misc_feat_plants, bh_walls_and_bars
D:2:      minivault_4, uniq_terence, uniq_crazy_yiuf_cottage
D:3:      grunt_gozag_breadcrumbs, uniq_jessica
D:4:      temple_doors_e, trog_hazing_becter
D:5:      elyvilon_altar_4, enter_ossuary_2, first_bread
Ossuary:  ossuary_minmay_tomb_2a

Skill      XL: |  1  2  3  4  5 |
---------------+----------------+-----
Long Blades    | 3 |  3.7
Dodging        | 3 |  3.9
Fighting       | 3 4 |  4.1
Armour         | 1 |  1.6
Throwing       | |  1.7

Action                   |  1- 3 |  4- 6 || total
-------------------------+-------+-------++-------
Melee: Long sword        |    64 |   109 ||   173
  Use: Scroll            |       |     3 ||     3
       Potion            |       |     4 ||     4
  Eat: Chunk             |       |     1 ||     1
       Bread ration      |       |     1 ||     1
Armor: Leather armour    |    11 |    51 ||    62
       Chain mail        |    17 |   100 ||   117
Dodge: Dodged            |    29 |   111 ||   140
Block: Buckler           |     2 |    37 ||    39
       Rpst.: Long sword |     8 |    47 ||    55
